 Dungeon Crawl Stone Soup version 0.30-a0-578-gdee14c521f (webtiles) character file.

Game seed: 752441838828141934

1938 greenreed the Basher (level 8, 0/109 HPs)
             Began as a Minotaur Berserker on Jan 1, 2023.
             Was a Priest of Trog.
             Slain by a two-headed ogre
             ... wielding a +0 giant club
              (27 damage)
             ... on level 7 of the Dungeon.
             The game lasted 00:08:58 (5780 turns).

greenreed the Basher (Minotaur Berserker)           Turns: 5780, Time: 00:08:59

Health: 0/109      AC: 11    Str: 24    XL:     8   Next: 97%
Magic:  7/7        EV: 12    Int:  4    God:    Trog [***...]
Gold:   411        SH:  0    Dex: 10    Spells: 7/7 levels left

rFire   . . .      SeeInvis .    a - +0 mace
rCold   . . .      Faith    .    (no shield)
rNeg    . . .      Spirit   .    j - +3 ring mail
rPois   .          Reflect  .    (helmet restricted)
rElec   .          Harm     .    (no cloak)
rCorr   .          Rampage  .    z - +0 pair of gloves
Will    .....                    l - +0 pair of boots Stlth
                                 (no amulet)
HPRegen 0.38/turn                (no ring)
MPRegen 0.10/turn                (no ring)

@: berserking, lethally poisoned (0 -> -3), very quick
A: horns 2, retaliatory headbutt
a: Renounce Religion, Berserk, Trog's Hand


You were on level 7 of the Dungeon.
You worshipped Trog.
Trog was most pleased with you.
You visited 1 branch of the dungeon, and saw 7 of its levels.

You collected 411 gold pieces.

Inventory:

Hand Weapons
 a - a +0 mace (weapon)
 F - a +0 great mace
Missiles
 G - 4 poisoned darts
Armour
 j - a +3 ring mail (worn)
 l - a +0 pair of boots (worn)
 v - an orb of mayhem
 z - a +0 pair of gloves (worn)
Jewellery
 p - a ring of magical power
 B - a ring of magical power
Wands
 y - a wand of flame (18) (quivered)
 C - a wand of roots (8)
Scrolls
 b - a scroll of blinking {unknown}
 h - 4 scrolls of fear {unknown}
 i - 5 scrolls of identify {unknown}
 k - 3 scrolls of immolation {unknown}
 m - 2 scrolls of amnesia {unknown}
 o - a scroll of enchant armour {unknown}
 r - a scroll of fog {unknown}
 s - a scroll of poison {unknown}
 u - 4 scrolls of silence {unknown}
 w - 2 scrolls of noise {unknown}
 x - 3 scrolls of teleportation {unknown}
 D - a scroll of enchant weapon {unknown}
Potions
 c - 3 potions of curing {unknown}
 d - 3 potions of brilliance {unknown}
 e - a potion of flight {unknown}
 f - 3 potions of might {unknown}
 g - a potion of haste {unknown}
 n - 4 potions of heal wounds {unknown}
 q - 2 potions of mutation {unknown}
 t - 4 potions of lignification {unknown}
 A - a potion of cancellation {unknown}
 E - a potion of degeneration {unknown}
 H - a potion of attraction {unknown}


   Skills:
 * Level 7.2 Fighting
 * Level 9.9 Maces & Flails
 + Level 6.1 Armour
 + Level 4.7 Dodging
 + Level 0.8 Stealth
 + Level 2.5 Evocations


You had 7 spell levels left.
You didn't know any spells.
Your spell library was empty.

Dungeon Overview and Level Annotations

Branches:
Dungeon (7/15)             Temple (0/1) D:4

Altars:
Ashenzari
Fedhas
Wu Jian
Zin
The Shining One

Annotations:
D:1 1 transporter


Innate Abilities, Weirdness & Mutations

You have a pair of horns on your head.
You reflexively headbutt those who attack you in melee.


Message History

The killer bee stings you.
You miss the killer bee. Your headbutt misses the killer bee.
You punch the killer bee.
The killer bee is moderately wounded.
The killer bee stings you.
You are poisoned.
The killer bee poisons you! The killer bee stings you.
You are more poisoned.
The killer bee poisons you!
You hit the killer bee but do no damage.
The killer bee is moderately wounded.
You feel very sick. The killer bee stings you. x2
You hit the killer bee.
The killer bee is severely wounded.
You feel sick.
The killer bee stings you but does no damage. x2
You sock the killer bee!
You kill the killer bee!
Trog accepts your kill.
You feel very sick. The killer bee misses you.
You sock the killer bee!
The killer bee is severely wounded.
You feel sick. The killer bee barely misses you. You furiously retaliate!
You headbutt the killer bee!
You kill the killer bee!
Trog accepts your kill.
You hit the two-headed ogre but do no damage.
You feel sick.
You thump the two-headed ogre!
The two-headed ogre is lightly wounded.
You feel sick.
The two-headed ogre hits you with a +0 giant club!!
* * * LOW HITPOINT WARNING * * *
The two-headed ogre hits you but does no damage.
A red film seems to cover your vision as you go berserk!
You feel yourself moving faster!
You feel mighty!
You feel sick.
The two-headed ogre hits you with a +0 giant club!!
You die...

######.....###.
.#### ....#.##.#
##.... .......
..###..# #.#
....... #.#))# #.#
.......###..#)#
#.#
...........##)#
#.# ##
....y.O....##†#
#.##..
..$#.####O##.#
#>##.# . #
#@##.#####.##.#
#####..
#...........#.#
.......
###########.#.####
#####.# #.#.##..
#......# ####
#.#...## .....
########.###.#
#####
#............#
#.#......##..#


You could see a two-headed ogre.

Vanquished Creatures
  Eustachio (D:6)
  2 sky beasts (D:7)
  An ogre (D:5)
  A centaur (D:6)
  A kobold brigand (D:7)
  A bullfrog (D:6)
  Blork the orc (D:4)
  A scorpion (D:5)
  3 necrophages
  3 killer bees (D:7)
  3 jellies
  2 gnoll boudas
  4 orc priests
  Crazy Yiuf (D:3)
  2 hounds
  4 iguanas
  Ijyb (D:5)
  4 orc wizards
  10 adders
  12 gnolls
  2 shadow imps
  2 worms (D:2)
  5 dart slugs
  14 orcs
  8 ball pythons
  6 endoplasms
  2 giant cockroaches
  5 goblins
  6 hobgoblins
  A quokka (D:1)
  7 bats
  3 frilled lizards
  8 kobolds
  8 rats
135 creatures vanquished.

Vanquished Creatures (others)
  2 fungi (D:3)
2 creatures vanquished.

Grand Total: 137 creatures vanquished

Notes
Turn   | Place    | Note
-------+----------+-------------------------------------------
     0 | D:1      | greenreed the Minotaur Berserker began the quest for the
                  | Orb.
     0 | D:1      | Reached XP level 1. HP: 19/19 MP: 0/0
   151 | D:1      | Reached XP level 2. HP: 19/27 MP: 1/1
   316 | D:1      | Reached skill level 4 in Maces & Flails
   652 | D:2      | Reached XP level 3. HP: 33/33 MP: 2/2
   875 | D:2      | Reached ** piety under Trog
   951 | D:2      | Reached XP level 4. HP: 38/41 MP: 3/3
  1463 | D:3      | Reached skill level 5 in Maces & Flails
  1517 | D:3      | Reached XP level 5. HP: 23/47 MP: 4/4
  1741 | D:3      | Found a runed translucent door.
  1742 | D:3      | Noticed Crazy Yiuf
  1750 | D:3      | Killed Crazy Yiuf
  1751 | D:3      | Reached skill level 6 in Maces & Flails
  2141 | D:4      | Found a staircase to the Ecumenical Temple.
  2150 | D:4      | Reached skill level 5 in Fighting
  2155 | D:4      | Reached XP level 6. HP: 47/56 MP: 5/5
  2213 | D:4      | Reached skill level 7 in Maces & Flails
  2438 | D:4      | Found a blossoming altar of Fedhas.
  2458 | D:4      | Noticed Blork the orc
  2478 | D:4      | Killed Blork the orc
  2830 | D:4      | Reached *** piety under Trog
  3350 | D:5      | Entered Level 5 of the Dungeon
  3364 | D:5      | Reached XP level 7. HP: 61/61 MP: 6/6
  3377 | D:5      | Reached skill level 8 in Maces & Flails
  3751 | D:5      | Noticed Ijyb
  3756 | D:5      | Killed Ijyb
  4045 | D:5      | Reached XP level 8. HP: 68/70 MP: 7/7
  4355 | D:6      | Reached skill level 9 in Maces & Flails
  4355 | D:6      | Reached skill level 5 in Armour
  4355 | D:6      | Reached skill level 1 in Evocations
  4399 | D:6      | Found an ornate altar of the Wu Jian Council.
  4399 | D:6      | Found a glowing golden altar of the Shining One.
  4407 | D:6      | Found a glowing silver altar of Zin.
  4409 | D:6      | Found a broken altar of Ashenzari.
  4411 | D:6      | Found a faded altar of an unknown god.
  4610 | D:6      | Noticed Eustachio
  4620 | D:6      | Killed Eustachio
  5765 | D:7      | Noticed a two-headed ogre
  5780 | D:7      | Slain by a two-headed ogre

Illustrated notes

Levels and vault maps discovered:
D:1:      spicycebolla_arrival_risky_transporter, layout_rooms
D:2:      layout_loops_corners
D:3:      layout_rooms, chequers_arboretum, kennysheep_path_1, nrook_campfire,
          uniq_crazy_yiuf_cottage
D:4:      layout_cave_pods, nicolae_overflow_hidden_temple,
          minmay_temple_entry_proselytizer, uniq_blork_the_orc
D:5:      layout_loops_cross, uniq_ijyb
D:6:      layout_basic, chequers_temple_overflow_minitemple, uniq_eustachio
D:7:      layout_loops_ring, uniq_joseph

Skill      XL: |  1  2  3  4  5  6  7  8 |
---------------+-------------------------+-----
Maces & Flails | 4 5 6 7 8 9 |  9.9
Fighting       | 4 5 6 7 |  7.2
Armour         | 3 4 6 |  6.1
Dodging        | 3 4 |  4.7
Evocations     | 2 |  2.5
Stealth        | |  0.8

Action                   |  1- 3 |  4- 6 |  7- 9 || total
-------------------------+-------+-------+-------++-------
Melee: Mace              |    63 |   147 |   155 ||   365
       Headbutt          |     8 |    28 |    32 ||    68
       Punch             |       |     1 |     2 ||     3
Invok: Berserk           |       |     2 |     3 ||     5
       Trog's Hand       |       |     1 |     2 ||     3
Evoke: Wand              |       |       |    27 ||    27
Armor: Animal skin       |     2 |       |       ||     2
       Ring mail         |    23 |    61 |    69 ||   153
Dodge: Dodged            |    40 |    73 |    89 ||   202

Table legend: (Time is in decaauts)
 A = Elapsed time spent in this place.
 B = Non-inter-level travel time spent in this place.
 C = Inter-level travel time spent in this place.
 D = Time resting spent in this place.
 E = Time spent auto-exploring this place.
 F = Levels seen in this place.
 G = Mean time per level.
                   A        B        C        D        E       F      G
               +--------+--------+--------+--------+--------+-----+--------+
         Total |   5826 |   5547 |    279 |    151 |   4548 |   7 |  832.3 |
       Dungeon |   5826 |   5547 |    279 |    151 |   4548 |   7 |  832.3 |
               +--------+--------+--------+--------+--------+-----+--------+

Top non-repeatable levels by time:
     D:4: 1222 daAuts
     D:6: 1003 daAuts
     D:5: 982 daAuts
     D:2: 927 daAuts
     D:3: 725 daAuts
     D:1: 513 daAuts
     D:7: 450 daAuts
